 Dungeon Crawl Stone Soup version 0.24-a0-784-g601f8f6d22 (webtiles) character file.

Game seed: 9132659414665316448, levelgen mode: deterministic

8408 Johnny the Geomancer (level 10, -1/86 HPs)
             Began as a Demigod Earth Elementalist on Oct 9, 2019.
             Slain by a death yak (17 damage)
             ... on level 9 of the Dungeon.
             The game lasted 00:13:08 (8620 turns).

Johnny the Geomancer (Demigod Earth Elementalist)   Turns: 8620, Time: 00:13:08

Health: -1/86      AC: 11    Str: 11    XL:     10   Next: 83%
Magic:  3/24       EV: 17    Int: 25    God:
Gold:   383        SH:  0    Dex: 16    Spells: 9/22 levels left

rFire    . . .     SeeInvis .   E - +0 dagger (drain)
rCold    + . .     Gourm    .   (no shield)
rNeg     . . .     Faith    .   H - +2 robe {rC+}
rPois    .         Spirit   .   (no helmet)
rElec    .         Reflect  .   (no cloak)
rCorr    .         Harm     .   (no gloves)
MR       +....                  v - +0 pair of boots
Stlth    ++........             p - amulet of magic regeneration
HPRegen  0.24/turn              j - +3 ring of protection
MPRegen  0.44/turn              y - +3 ring of protection

@: no status effects
A: high mp 1
a: no special abilities


You were on level 9 of the Dungeon.
You were very hungry.

You visited 1 branch of the dungeon, and saw 9 of its levels.

You collected 383 gold pieces.

Inventory:

Hand Weapons
 E - a +0 dagger of draining (weapon)
Missiles
 b - 33 stones (quivered)
Armour
 v - a +0 pair of boots (worn)
 H - a +2 robe of cold resistance (worn)
Jewellery
 j - a +3 ring of protection (left hand)
 l - an uncursed ring of protection from cold
 p - an amulet of magic regeneration (around neck)
 y - a +3 ring of protection (right hand)
 z - an uncursed amulet of the acrobat
 F - a +2 ring of dexterity {unknown}
 J - a +6 ring of strength {unknown}
Wands
 A - a wand of disintegration (6)
Scrolls
 c - 3 scrolls of random uselessness {unknown}
 e - 2 scrolls of enchant armour
 h - a scroll of silence {unknown}
 i - 2 scrolls of teleportation
 k - 2 scrolls of noise
 m - 2 scrolls of magic mapping
 o - a scroll of fear
 r - a scroll of amnesia
 w - a scroll of remove curse
 D - a scroll of fog {unknown}
Potions
 a - 3 potions of lignification {unknown}
 f - 2 potions of heal wounds
 g - a potion of haste {unknown}
 n - a potion of degeneration {unknown}
 q - 2 potions of cancellation
 s - a potion of invisibility {unknown}
 u - 3 potions of berserk rage
 x - 2 potions of agility {unknown}
 B - a potion of magic {unknown}
 C - 2 potions of curing {unknown}
 G - a potion of might {unknown}
 I - 2 potions of resistance {unknown}
Comestibles
 d - 24 rations


   Skills:
 + Level 7.0 Fighting
 + Level 7.2 Dodging
 - Level 1.7 Stealth
 + Level 6.7 Spellcasting
 - Level 0.8 Transmutations
 * Level 10.4 Earth Magic


You had 9 spell levels left.
You knew the following spells:

 Your Spells              Type           Power        Failure   Level  Hunger
a - Sandblast             Erth           ######       1%          1    None
b - Stone Arrow           Conj/Erth      ####..       2%          3    None
c - Lee's Rapid Deconstr  Erth           ######....   2%          5    #####..
d - Petrify               Tmut/Erth      #####...     7%          4    ###....

Your spell library contained the following spells:

 Spells                   Type           Power        Failure   Level  Hunger
 Passwall                 Tmut/Erth      #####...     1%          2    None


Dungeon Overview and Level Annotations

Branches:
Dungeon (9/15)             Temple (0/1) D:6
   Lair: D:8-11         Orc: D:9-12

Shops:
D:5 [


Innate Abilities, Weirdness & Mutations

You have an increased reservoir of magic. (+10% MP)


Message History

Unknown command.
You completely miss the death yak.
The death yak is severely wounded.
The death yak gores you!
You hit the death yak but do no damage.
The death yak is severely wounded.
The death yak gores you!
Unknown command.
Casting: Lee's Rapid Deconstruction (safe; 2% risk of failure)
Confirm with . or Enter, or press ? or * to list all spells.
Aiming: Sandblast (safe; 1% risk of failure)
Press: ? - help, Shift-Dir - straight line The blast of sand hits the death yak!!
The death yak is almost dead.
b - 33 stones The death yak gores you!!
* * * LOW HITPOINT WARNING * * *
Unknown command.
The death yak gores you!
You die...

##.# #..# #.## ##.#
...#### #>....#
#.###.##### #.#
#.....################.#
#.#
####........@Yra..†...)#
#.#
#.##########.######.....
#.# #............# ...
#.# #.####.####..# . #.
##.##.....##..#
#..#.......#..#
#..#.......#.##
#+#####......_.....##
.........#.......#..#


You could see a death yak, a hell rat and a worker ant.

Vanquished Creatures
  Erica (D:8)
  A two-headed ogre (D:8)
  2 death yaks (D:9)
  A cyclops (D:8)
  Psyche (D:8)
  A queen bee (D:9)
  Prince Ribbit (D:8)
  A hippogriff (D:9)
  A wyvern (D:8)
  A porcupine (D:9)
  5 ice beasts
  A phantom (D:8)
  2 sky beasts
  A centaur (D:5)
  4 ogres
  A big kobold (D:5)
  A gnoll sergeant (D:5)
  A scorpion (D:5)
  34 killer bees
  3 wights (D:8)
  4 howler monkeys
  A crimson imp (D:8)
  A bullfrog zombie (D:6)
  2 bullfrog skeletons
  2 centaur zombies
  3 hounds
  3 jellies (D:8)
  4 orc priests
  An iguana (D:6)
  11 orc wizards
  3 worker ants
  A hound zombie (D:8)
  A hound skeleton (D:5)
  6 gnolls
  16 adders
  A river rat (D:9)
  2 shadow imps
  8 oozes
  3 worms
  4 dart slugs
  10 leopard geckos
  29 orcs
  8 giant cockroaches
  13 goblins
  7 hobgoblins
  18 jackals
  12 kobolds
  6 quokkas
  A ball python (D:1)
  8 bats
  3 frilled lizards
  A leopard gecko skeleton (D:4)
  A quokka zombie (D:2)
  7 rats
265 creatures vanquished.

Notes
Turn   | Place    | Note
-------+----------+-------------------------------------------
     0 | D:1      | Johnny the Demigod Earth Elementalist began the quest for
                  | the Orb.
     0 | D:1      | Reached XP level 1. HP: 14/14 MP: 5/5
    98 | D:1      | Reached skill level 3 in Earth Magic
    98 | D:1      | Reached XP level 2. HP: 11/22 MP: 0/7
   641 | D:1      | Reached skill level 1 in Fighting
   642 | D:1      | Reached XP level 3. HP: 28/28 MP: 4/8
  1410 | D:2      | Reached XP level 4. HP: 33/35 MP: 6/10
  2247 | D:3      | Reached skill level 4 in Earth Magic
  2257 | D:3      | Reached XP level 5. HP: 30/41 MP: 6/11
  3563 | D:4      | Reached XP level 6. HP: 38/48 MP: 10/13
  3928 | D:5      | Entered Level 5 of the Dungeon
  4017 | D:5      | Found Vedda's Armour Shoppe.
  4079 | D:5      | Reached skill level 5 in Earth Magic
  4371 | D:5      | Reached XP level 7. HP: 56/56 MP: 11/15
  5092 | D:6      | Learned a level 3 spell: Stone Arrow
  5098 | D:6      | Learned a level 5 spell: Lee's Rapid Deconstruction
  5103 | D:6      | Learned a level 4 spell: Petrify
  5167 | D:6      | Reached skill level 6 in Earth Magic
  5409 | D:6      | Found a staircase to the Ecumenical Temple.
  5620 | D:6      | Reached XP level 8. HP: 63/66 MP: 14/17
  5948 | D:6      | Found a glowing golden altar of the Shining One.
  6153 | D:7      | Reached skill level 7 in Earth Magic
  7020 | D:8      | Noticed Erica
  7027 | D:8      | Reached skill level 5 in Dodging
  7034 | D:8      | Killed Erica
  7034 | D:8      | Reached skill level 5 in Fighting
  7034 | D:8      | Reached skill level 5 in Spellcasting
  7034 | D:8      | Reached skill level 8 in Earth Magic
  7034 | D:8      | Reached XP level 9. HP: 50/74 MP: 0/20
  7101 | D:8      | Noticed a two-headed ogre
  7109 | D:8      | Killed a two-headed ogre
  7424 | D:8      | Noticed Psyche
  7428 | D:8      | Killed Psyche
  7433 | D:8      | Noticed a cyclops
  7455 | D:8      | Killed a cyclops
  7455 | D:8      | Reached skill level 9 in Earth Magic
  7605 | D:8      | Reached XP level 10. HP: 83/83 MP: 16/22
  7676 | D:8      | Noticed Prince Ribbit
  7691 | D:8      | Killed Prince Ribbit
  8474 | D:9      | Reached skill level 10 in Earth Magic
  8554 | D:9      | Found a shimmering altar of Xom.
  8586 | D:9      | Noticed a death yak
  8602 | D:9      | Noticed a death yak
  8604 | D:9      | Noticed a death yak
  8605 | D:9      | Killed a death yak
  8611 | D:9      | Killed a death yak
  8620 | D:9      | Slain by a death yak

Levels and vault maps discovered:
D:1:      roderic_octagonal_star, layout_loops_ring, minmay_distorted
D:2:      layout_basic, serial_undead, serial_undead_e, serial_undead_b,
          serial_undead_d, serial_undead_e
D:3:      layout_loops_ring, first_ration, corexii_leaking_fountain,
          hangedman_decor_riveting
D:4:      layout_cave_pools, dk_noncrumbling_4
D:5:      layout_cave_pods, serial_shops, nicolae_shop_trees,
          kennysheep_generic_room_5
D:6:      layout_basic, minmay_temple_entry_glassed_door, tso_altar
D:7:      layout_layer_cave
D:8:      layout_gridville, hangedman_little_slice_of_home, uniq_psyche,
          uniq_erica, uniq_prince_ribbit1
D:9:      layout_roguey [special_room_bee], old_standard_altar,
          dpeg_lair_monsters, orc_0_dummy, minmay_misc_feat_doors

Skill      XL: |  1  2  3  4  5  6  7  8  9 10 |
---------------+-------------------------------+-----
Dodging        | 2 3 4 5 6 7 |  7.2
Earth Magic    | 3 4 5 6 8 9 10 | 10.4
Spellcasting   | 2 3 4 5 6 |  6.7
Fighting       | 1 2 3 5 6 7 |  7.0
Stealth        | |  1.7
Transmutations | |  0.8

Action                   |  1- 3 |  4- 6 |  7- 9 | 10-12 || total
-------------------------+-------+-------+-------+-------++-------
Melee: Unarmed           |    33 |       |       |       ||    33
       Whip              |    76 |   176 |    73 |       ||   325
       Dagger            |       |       |    37 |    65 ||   102
 Cast: Sandblast         |    35 |    98 |    97 |    24 ||   254
       Lee's Rapid Decon |       |       |    20 |    14 ||    34
       Stone Arrow       |       |       |     3 |    10 ||    13
       Petrify           |       |       |     3 |       ||     3
Evoke: Wand              |       |       |     3 |    11 ||    14
  Use: Scroll            |     2 |     2 |     7 |     1 ||    12
       Potion            |       |       |     1 |       ||     1
 Stab: Sleeping          |     8 |     7 |       |       ||    15
  Eat: Chunk             |     2 |     9 |    13 |     2 ||    26
       Ration            |       |       |     1 |     1 ||     2
Armor: Robe              |    16 |    48 |    49 |    27 ||   140
Dodge: Dodged            |    95 |   202 |   140 |    76 ||   513

Table legend:
 A = Non-vault XP
 B = Vault XP
 C = Vault XP percentage of total XP
 D = Non-vault monster count
 E = Vault monster count
 F = Vault count percentage of total count
                 A         B        C        D         E       F
            +---------+---------+-------+---------+---------+-------
      Total |    6235 |    5777 |  48.1 |     219 |      46 |  17.4
            +---------+---------+-------+---------+---------+-------
        D:1 |      65 |       4 |   5.8 |      34 |       2 |   5.6
        D:2 |     120 |       1 |   0.8 |      25 |       1 |   3.8
        D:3 |     173 |       0 |   0.0 |      32 |       0 |   0.0
        D:4 |     255 |       0 |   0.0 |      24 |       0 |   0.0
        D:5 |     474 |     214 |  31.1 |      14 |       2 |  12.5
        D:6 |     753 |       0 |   0.0 |      28 |       0 |   0.0
        D:7 |     565 |       0 |   0.0 |      19 |       0 |   0.0
        D:8 |    3161 |    1797 |  36.2 |      37 |      11 |  22.9
        D:9 |     669 |    3761 |  84.9 |       6 |      30 |  83.3
            +---------+---------+-------+---------+---------+-------
